Map: Dusk Towers

Players

ProtossPimp - Winner!

  • Race: Protoss Protoss
  • League: Gold

LilDicky

  • Race: Protoss Protoss
  • League: Diamond

VOD

http://www.twitch.tv/tumescentpie

Description

Time

  • Played on: Dec. 17, 2015, 9:51 p.m.
  • Length: 10:46
Show
View Real Time Build Order
Export as new Build Order

ProtossPimp Protoss - Winner!

Build Orders:  

Get SALT Encoding   

  12  0:01  Probe (Chrono Boost)  
  13  0:11  Probe (Chrono Boost)  
  14  0:21  Pylon  
  14  0:22  Probe (Chrono Boost)  
  15  0:39  Probe (Chrono Boost)  
  15  0:40  Gateway  
  15  0:42  Assimilator  
  17  0:50  Probe (Chrono Boost)  
  17  1:00  Probe (Chrono Boost)  
  17  1:01  Assimilator  
  18  1:11  Probe (Chrono Boost)  
  19  1:21  Probe (Chrono Boost)  
  20  1:28  Zealot (Chrono Boost)  
  20  1:32  Probe (Chrono Boost)  
  23  2:02  Cybernetics Core  
  23  2:04  Pylon  
  23  2:22  Probe (Chrono Boost)  
  24  2:32  Probe (Chrono Boost)  
  25  2:39  Stalker (Chrono Boost)  
  25  2:40  Warp Gate (Chrono Boost)  
  26  2:53  Mothership Core (Chrono Boost)  
  28  3:20  Probe (Chrono Boost)  
  28  3:23  Stalker (Chrono Boost)  
  31  3:46  Twilight Council  
  31  3:51  Gateway x2  
  30  4:07  Pylon  
  30  4:08  Pylon  
  30  4:38  Probe  
  31  4:40  Blink (Chrono Boost)  
  31  4:45  Gateway  
  31  4:46  Stalker  
  31  4:48  Stalker  
  31  4:49  Stalker  
  31  4:50  Probe, Robotics Facility  
  38  5:02  Probe  
  39  5:15  Nexus  
  39  5:21  Probe  
  40  5:33  Probe  
  41  5:41  Observer  
  42  5:45  Probe  
  42  5:47  Stalker x2  
  47  5:57  Pylon  
  47  6:01  Pylon x2  
  47  6:15  Probe, Observer  
  49  6:27  Probe  
  50  6:36  Probe  
  50  6:39  Probe  
  52  6:46  Immortal (Chrono Boost)  
  56  6:47  Probe  
  56  6:51  Probe  
  58  6:58  Probe  
  59  7:07  Pylon  
  59  7:08  Probe  
  59  7:09  Pylon  
  59  7:11  Assimilator  
  60  7:19  Probe  
  60  7:21  Warp Prism (Chrono Boost)  
  60  7:22  Adept x3  
  69  7:24  Adept  
  71  7:33  Probe  
  71  7:34  Probe  
  71  7:35  Assimilator  
  73  7:40  Resonating Glaives (Chrono Boost)  
  73  7:45  Probe  
  73  7:47  Probe  
  73  7:50  Forge  
  75  7:51  Observer  
  76  8:00  Stalker x3  
  82  8:22  Stalker  
  82  8:24  Stalker x3  
  89  8:50  Stalker x3  
  89  8:51  Stalker  
  95  8:58  Protoss Ground Armor Level 1 (Chrono Boost)  
  95  9:02  Forge  
  79  10:23  Stalker x2  
  79  10:24  Stalker x2  
Show
View Real Time Build Order
Export as new Build Order

LilDicky Protoss 

Build Orders:  

Get SALT Encoding   

  12  0:01  Probe (Chrono Boost)  
  13  0:12  Probe (Chrono Boost)  
  14  0:19  Pylon  
  15  0:28  Probe (Chrono Boost)  
  15  0:42  Probe (Chrono Boost), Forge  
  16  0:53  Probe (Chrono Boost)  
  17  1:04  Pylon  
  17  1:08  Probe (Chrono Boost)  
  18  1:26  Pylon  
  18  1:35  Probe (Chrono Boost)  
  18  1:44  Pylon  
  18  1:46  Probe (Chrono Boost)  
  18  1:56  Probe (Chrono Boost)  
  19  2:04  Pylon  
  19  2:07  Probe (Chrono Boost)  
  20  2:18  Probe (Chrono Boost), Gateway  
  21  2:26  Pylon  
  21  2:36  Pylon  
  21  2:38  Pylon  
  21  2:51  Pylon, Photon Cannon  
  21  2:56  Photon Cannon  
  21  3:02  Photon Cannon  
  21  3:05  Pylon  
  21  3:07  Gateway  
  21  3:09  Pylon  
  21  3:19  Pylon  
  21  3:25  Photon Cannon  
  21  3:44  Cybernetics Core  
  22  4:02  Assimilator  
  22  4:03  Probe (Chrono Boost)  
  22  4:05  Assimilator  
  22  4:08  Nexus  
  22  4:13  Probe (Chrono Boost)  
  23  4:24  Probe (Chrono Boost)  
  24  4:34  Probe (Chrono Boost)  
  25  4:45  Probe (Chrono Boost), Photon Cannon  
  26  4:49  Photon Cannon  
  26  4:52  Warp Gate (Chrono Boost)  
  26  4:55  Probe (Chrono Boost)  
  27  5:06  Probe (Chrono Boost)  
  28  5:16  Mothership Core (Chrono Boost)  
  28  5:20  Probe (Chrono Boost)  
  31  5:33  Probe  
  31  5:34  Assimilator  
  32  5:36  Probe  
  32  5:38  Assimilator  
  32  5:40  Pylon  
  33  5:46  Probe  
  33  5:49  Probe  
  35  5:59  Gateway x2  
  35  6:01  Gateway  
  35  6:02  Pylon  
  35  6:04  Gateway  
  35  6:10  Probe  
  36  6:16  Probe  
  37  6:22  Probe  
  38  6:26  Probe  
  38  6:30  Robotics Facility  
  39  6:47  Pylon  
  39  6:49  Pylon x2  
  39  7:17  Warp Prism  
  41  7:23  Probe  
  41  7:24  Probe  
  41  7:26  Robotics Bay  
  43  7:36  Probe (Chrono Boost)  
  44  7:37  Probe (Chrono Boost)  
  45  7:48  Probe (Chrono Boost)  
  45  7:49  Probe (Chrono Boost)  
  47  7:55  Protoss Ground Weapons Level 1 (Chrono Boost)  
  47  7:57  Probe  
  47  8:00  Probe  
  49  8:12  Disruptor  
  52  8:20  Stalker x2  
  52  8:21  Stalker x3  
  62  8:28  Pylon  
  58  8:48  Disruptor  
  49  9:18  Sentry x3  
  53  9:32  Zealot x2  
  22  10:07  Pylon  
  22  10:08  Pylon  
  22  10:11  Pylon  
Tags
 
Add a new tag
Caveats
  • Supply blocks, unpowered buildings, or Contaminate may cause inaccurate times.
  • Supply counts are checked every 10 seconds.